 Dungeon Crawl Stone Soup version 0.26-a0-837-g5a8a614f01 (webtiles) character file.

Game seed: 1794421537689636543

904 Morbidden the Skirmisher (level 7, 0/64 HPs)
             Began as a Palentonga Fighter on Nov 18, 2020.
             Was an Initiate of Cheibriados.
             Killed from afar by a white imp (6 damage)
             ... with a puff of frost
             ... on level 6 of the Dungeon.
             The game lasted 00:08:42 (6006 turns).

Morbidden the Skirmisher (Palentonga Fighter)       Turns: 6006, Time: 00:08:42

Health: 0/64       AC: 17    Str: 16    XL:     7   Next: 80%
Magic:  7/7        EV:  8    Int: 20    God:    Cheibriados [......]
Gold:   295        SH: 14    Dex: 11    Spells: 6/6 levels left

rFire    . . .     SeeInvis +   a - +0 long sword
rCold    . . .     Faith    .   c - +0 kite shield
rNeg     . . .     Spirit   .   v - +2 leather armour of Kolaz {MR+ Str-4 Int+3 Stlth+}
rPois    .         Reflect  +   (no helmet)
rElec    .         Harm     .   w - +2 cloak
rCorr    .         Rampage  .   (no gloves)
MR       +....                  (no barding)
Stlth    ++........             l - amulet of reflection
HPRegen  0.20/turn              r - +6 ring of intelligence
MPRegen  0.10/turn              (no ring)

@: curled up, very slow
A: large, rugged brown scales 3, see invisible, deformed body, roll 1, armoured
tail, reflexive curl
a: Rolling Charge, Bend Time, Renounce Religion


You were on level 6 of the Dungeon.
You worshipped Cheibriados.
Cheibriados was noncommittal.
You visited 2 branches of the dungeon, and saw 7 of its levels.

You collected 295 gold pieces.

Inventory:

Hand Weapons
 a - a +0 long sword (weapon)
Missiles
 g - 10 poisoned darts (quivered)
Armour
 c - a +0 kite shield (worn)
 v - the +2 leather armour of Kolaz (worn) {MR+ Str-4 Int+3 Stlth+}
   (You found it on level 5 of the Dungeon)

   It affects your strength (-4).
   It affects your intelligence (+3).
   It affects your resistance to hostile enchantments.
   It makes you more stealthy.
 w - a +2 cloak (worn)
Jewellery
 l - an amulet of reflection (around neck)
 r - a +6 ring of intelligence (left hand)
Scrolls
 b - a scroll of enchant armour {unknown}
 h - 6 scrolls of identify
 i - 4 scrolls of fog
 k - 3 scrolls of teleportation {unknown}
 n - 2 scrolls of magic mapping {unknown}
 p - a scroll of enchant weapon {unknown}
 q - a scroll of amnesia {unknown}
 t - a scroll of remove curse {unknown}
 x - a scroll of immolation {unknown}
Potions
 d - 5 potions of might
 e - 2 potions of invisibility {unknown}
 f - 2 potions of curing
 j - a potion of ambrosia {unknown}
 m - 3 potions of flight {unknown}
 o - 2 potions of attraction {unknown}
 s - 2 potions of heal wounds {unknown}
 u - a potion of degeneration {unknown}


   Skills:
 * Level 4.9 Fighting
 + Level 4.1 Long Blades
 + Level 0.5 Throwing
 + Level 4.3 Armour
 + Level 1.4 Dodging
 + Level 4.6 Shields
 * Level 1.1 Invocations


You had 6 spell levels left.
You didn't know any spells.
Your spell library was empty.

Dungeon Overview and Level Annotations

Branches:
Dungeon (6/15)             Temple (1/1) D:5

Altars:
Cheibriados
Elyvilon
Fedhas
Gozag
Kikubaaqudgha
Makhleb
Nemelex Xobeh
Ru
Sif Muna
Trog
Uskayaw
Vehumet
Xom
Yredelemnul
Zin
The Shining One

Shops:
D:4 }}[?

Annotations:
D:3 2 transporters, blobbo's ghost, weakling SpDe
D:4 1 runed translucent door, Crazy Yiuf
D:5 exclusion: oklob plant


Innate Abilities, Weirdness & Mutations

You are completely covered in rugged brown scales. (AC +3, +7% HP)
You have supernaturally acute eyesight. (SInv)
Armour fits poorly on your strangely shaped body.
You can roll at nearby foes to attack.
You have a long armoured tail.
You curl defensively after being hit.


Message History

The worker ant zombie is almost destroyed.
A white imp comes into view.
You block the worker ant zombie's attack. x2
You barely miss the worker ant zombie.
The white imp shouts, "Slither home, thou horrid hell-hated hugger-mugger!"
You tail-slap the worker ant zombie.
You destroy the worker ant zombie!
Cheibriados appreciates the change of pace.
Unknown command.
The white imp gestures at you. The puff of frost misses you.
The white imp gestures at you.
The puff of frost reflects off an invisible shield around you!
The puff of frost hits the white imp.
The white imp resists.
The white imp gestures at you. The puff of frost hits you.
* * * LOW HITPOINT WARNING * * *
The white imp gestures at you. The puff of frost hits you.
You die...

### #.## ..##
##..##
...###....##
....#.>....##
.......###..##
......## ##..###
.. ......#
###..#######.....
.....##
##.............
.....# #..@..###
#... .....#
##..#### #....
....## #..).###
#..... .####
#.5....##......
##
#..............
#.......†......
#..............
#..............
#..............


You could see a white imp.

Vanquished Creatures
  An ogre (D:4)
  A centaur (D:6)
  2 howler monkeys
  2 bullfrog skeletons
  A hound (D:4)
  A jelly (D:6)
  An orc wizard (D:5)
  7 worker ants
  An iguana (D:6)
  A killer bee zombie (D:5)
  A hound zombie (D:6)
  A howler monkey skeleton (D:4)
  A worker ant zombie (D:6)
  6 gnolls (D:5)
  5 adders
  A shadow imp (D:5)
  4 white imps
  An ufetubus (D:6)
  An ooze (D:2)
  An adder skeleton (D:5)
  3 worms
  A dart slug (D:1)
  2 leopard geckos
  12 orcs
  5 giant cockroaches
  11 goblins
  10 hobgoblins
  7 jackals (D:2)
  A ball python (D:1)
  9 bats
  10 frilled lizards
  8 kobolds
  A leopard gecko zombie (D:5)
  11 rats
131 creatures vanquished.

Vanquished Creatures (others)
  19 toadstools (D:5)
19 creatures vanquished.

Grand Total: 150 creatures vanquished

Notes
Turn   | Place    | Note
-------+----------+-------------------------------------------
     0 | D:1      | Morbidden the Palentonga Fighter began the quest for the
                  | Orb.
     0 | D:1      | Reached XP level 1. HP: 20/20 MP: 1/1
   268 | D:1      | Reached XP level 2. HP: 26/27 MP: 2/2
   538 | D:1      | Reached XP level 3. HP: 33/33 MP: 3/3
  1110 | D:2      | Reached XP level 4. HP: 31/40 MP: 4/4
  2067 | D:3      | Found a transporter.
  2068 | D:3      | Found a transporter.
  2069 | D:3      | Noticed blobbo's ghost (weakling SpDe)
  2184 | D:3      | Reached XP level 5. HP: 28/48 MP: 5/5
  2616 | D:3      | Found a faded altar of an unknown god.
  2689 | D:3      | Found a glowing silver altar of Zin.
  2961 | D:4      | Found Peshide's Gadget Shop.
  2961 | D:4      | Found Tudghot's Armour Shop.
  2964 | D:4      | Found Ciulog's Magic Scroll Shop.
  3053 | D:4      | Found Raxis's Gadget Shop.
  3092 | D:4      | Noticed an ogre
  3120 | D:4      | Killed an ogre
  3121 | D:4      | Reached XP level 6. HP: 53/55 MP: 6/6
  3168 | D:4      | Found a radiant altar of Vehumet.
  3416 | D:4      | Found a bloodstained altar of Trog.
  3602 | D:4      | Found a runed translucent door.
  3603 | D:4      | Noticed Crazy Yiuf
  3750 | D:5      | Entered Level 5 of the Dungeon
  4275 | D:5      | Got a slimy leather armour
  4327 | D:5      | Identified the +2 leather armour of Kolaz {MR+ Str-4 Int+3
                  | Stlth+} (You found it on level 5 of the Dungeon)
  4512 | D:5      | Gained mutation: You curl defensively after being hit.
                  | [Palentonga growth]
  4512 | D:5      | Reached XP level 7. HP: 57/64 MP: 7/7
  4946 | D:5      | Found a staircase to the Ecumenical Temple.
  4950 | D:5      | Reached skill level 1 in Dodging
  5027 | D:5      | Found a blossoming altar of Fedhas.
  5049 | D:5      | Noticed an oklob plant
  5191 | Temple   | Entered the Ecumenical Temple
  5387 | Temple   | Became a worshipper of Cheibriados the Contemplative
  5886 | D:6      | Reached skill level 1 in Invocations
  6006 | D:6      | Killed from afar by a white imp

Illustrated notes

Levels and vault maps discovered:
D:1:      enne_arrival_octagon_isle, layout_basic
D:2:      minmay_door_path, layout_rooms, minmay_bisected
D:3:      layout_rooms, zin_treasury, gammafunk_ghost_arena,
          chequers_ecumenical_altar_grove, chequers_serial_rivers_micro_d,
          serial_bayou_pond_d
D:4:      layout_rooms, fiery_altar_vehumet, kennysheep_mini,
          minmay_shop_grid_forest, uniq_crazy_yiuf_cottage
D:5:      layout_loops_ring, minmay_temple_entry_antechambers,
          grunt_ministairs_15, tgw_fedhas
D:6:      minmay_evil_eye, layout_cave_pods, minitemple, kennysheep_flooded_box,
          minmay_crossroads
Temple:   minmay_temple_bridge_abc

Skill      XL: |  1  2  3  4  5  6  7 |
---------------+----------------------+-----
Armour         | 3 4 |  4.3
Long Blades    | 3 4 |  4.1
Shields        | 3 4 |  4.6
Fighting       | 4 |  4.9
Dodging        | 1 |  1.4
Invocations    | 1 |  1.1
Throwing       | |  0.5

Action                   |  1- 3 |  4- 6 |  7- 9 || total
-------------------------+-------+-------+-------++-------
Melee: Long sword        |   116 |   241 |   138 ||   495
       Tailslap          |    13 |    34 |    23 ||    70
Throw: Dart              |       |    13 |       ||    13
 Abil: Rolling Charge    |    27 |    16 |       ||    43
  Use: Scroll            |     1 |     2 |       ||     3
       Potion            |       |     2 |       ||     2
 Stab: Sleeping          |       |       |     1 ||     1
Armor: Scale mail        |    56 |    14 |       ||    70
       Plate armour      |       |   111 |       ||   111
       Leather armour    |       |     7 |    79 ||    86
Dodge: Dodged            |    35 |    13 |    55 ||   103
Block: Kite shield       |    72 |   193 |   146 ||   411
       Reflection        |       |     3 |     2 ||     5
       Rpst.: Long sword |    16 |     3 |    11 ||    30

Table legend: (Time is in decaauts)
 A = Elapsed time spent in this place.
 B = Non-inter-level travel time spent in this place.
 C = Inter-level travel time spent in this place.
 D = Time resting spent in this place.
 E = Time spent auto-exploring this place.
 F = Levels seen in this place.
 G = Mean time per level.
                   A        B        C        D        E       F      G
               +--------+--------+--------+--------+--------+-----+--------+
         Total |   6240 |   5867 |    373 |    527 |   4218 |   7 |  891.4 |
       Dungeon |   6016 |   5668 |    348 |    527 |   4047 |   6 | 1002.7 |
        Temple |    223 |    198 |     25 |      0 |    171 |   1 |  223.0 |
               +--------+--------+--------+--------+--------+-----+--------+

Top non-repeatable levels by time:
     D:5: 1942 daAuts
     D:3: 1040 daAuts
     D:1: 1000 daAuts
     D:4: 991 daAuts
     D:2: 843 daAuts
  Temple: 223 daAuts
     D:6: 199 daAuts
